 Dungeon Crawl Stone Soup version 0.31-a0-1522-g43313d8a59 (webtiles) character file.

Game seed: 2549852552122746731

242 freelancePsychic the Trooper (level 6, -1/47 HPs)
             Began as a Djinni Shapeshifter on Dec 31, 2023.
             Was an Initiate of Makhleb.
             Slain by a water moccasin (3 damage)
             ... on level 5 of the Dungeon.
             The game lasted 00:07:14 (3538 turns).

freelancePsychic the Trooper (Djinni Shapeshifter)  Turns: 3538, Time: 00:07:15

Health: -1/47      AC:  5    Str: 10 (13) XL:     6   Next: 30%
Gold:   214        EV: 12    Int: 12 (13) God:    Makhleb [......] SH:  0 Dex: 10 (13)

rFire   + + .        w - +0 whip
rCold   x . .        (no shield)
rNeg    . . .        a - +0 animal skin
rPois   ∞            b - +2 helmet {SInv}
rElec   .            (no cloak)
rCorr   .            (no gloves)
SInv    +            (boots unavailable)
Will    +....        (no amulet)
Stlth   +            (no ring)
HPRegen 0.27/turn    (no ring)
MPRegen 0.00/turn

%: infuse magic (-2 HP)
@: mighty, enlightened, flying
A: sickness immunity, fire resistance 2, cold vulnerability 1, float, innate
caster, HP casting, extra vitality 1
a: Renounce Religion


You were on level 5 of the Dungeon.
You worshipped Makhleb.
Makhleb was noncommittal.
You visited 2 branches of the dungeon, and saw 6 of its levels.

You collected 214 gold pieces.

Inventory:

Hand Weapons
 h - a +0 dagger
 w - a +0 whip (weapon)
Armour
 a - a +0 animal skin (worn)
 b - a +2 helmet of see invisible (worn)
Talismans
 c - a beast talisman
 d - a flux talisman
Scrolls
 f - a scroll of blinking {unknown}
 g - 2 scrolls of teleportation {@r4}
 i - a scroll of fog {unknown}
 l - a scroll of revelation {unknown}
 m - a scroll of acquirement {unknown}
 n - a scroll of noise {unknown}
 q - a scroll of poison {unknown}
 r - a scroll of enchant weapon {unknown}
 t - a scroll of brand weapon {unknown}
Potions
 j - a potion of attraction {unknown}
 k - 2 potions of curing {@q1}
 o - a potion of degeneration
 s - a potion of enlightenment
 u - a potion of haste {unknown}
 v - a potion of brilliance {unknown}


   Skills:
 + Level 4.1 Fighting
 - Level 2.1 Dodging
 - Level 3.0 Unarmed Combat
 + Level 2.8 Spellcasting
 + Level 2.8 Conjurations
 + Level 2.8 Hexes
   Level 0.0 Charms
 + Level 2.8 Summonings
 + Level 2.8 Necromancy
 + Level 2.8 Translocations
   Level 0.0 Transmutations
 + Level 2.8 Fire Magic
 + Level 2.8 Ice Magic
 + Level 2.8 Air Magic
 + Level 2.8 Earth Magic
 + Level 2.8 Alchemy
 * Level 0.0 Invocations
 - Level 2.9 Shapeshifting


You knew the following spells:

 Your Spells              Type           Power      Damage    Failure   Level
a - Magic Dart            Conj           32%        1d4       8%          1
b - Ensorcelled Hibernat  Hex/Ice        16%        N/A       12%         2
Your spell library was empty.

Dungeon Overview and Level Annotations

Branches:
Dungeon (5/15)             Temple (1/1) D:5

Altars:
Ashenzari
Dithmenos
Elyvilon
Fedhas
Hepliaklqana
Makhleb
Nemelex Xobeh
Okawaru
Qazlal
Trog
Xom
Zin
The Shining One


Innate Abilities, Weirdness & Mutations

You are immune to sickness and miasma.
You are immune to poison.
Your flesh is very heat resistant. (rF++)
You are vulnerable to cold. (rC-)
You float through the air rather than walking.
You learn spells naturally, not from books.
Your magical power is your life essence.
You have superior vitality. (+4 MHP)


Message History

You feel more buoyant. The water moccasin bites you.
It was a potion of might.
You feel very mighty all of a sudden.
The water moccasin bites you but does no damage.
The water moccasin bites you!
You miss the water moccasin. The water moccasin bites you.
You closely miss the water moccasin.
The water moccasin bites you but does no damage. x2
You hit the water moccasin. Your punch misses the water moccasin.
The water moccasin is lightly wounded.
The water moccasin barely misses you.
You hit the water moccasin but do no damage.
The water moccasin is lightly wounded.
The water moccasin bites you. The water moccasin misses you.
You miss the water moccasin.
The water moccasin is lightly wounded.
The water moccasin bites you.
You closely miss the water moccasin.
The water moccasin is lightly wounded.
The water moccasin closely misses you.
The water moccasin bites you but does no damage.
You miss the water moccasin.
The water moccasin is lightly wounded.
The water moccasin completely misses you.
You closely miss the water moccasin.
The water moccasin is lightly wounded.
The water moccasin barely misses you. The water moccasin bites you.
* * * LOW HITPOINT WARNING * * *
You feel better. The water moccasin bites you!
You whack the water moccasin!
The water moccasin is moderately wounded.
The water moccasin bites you!
* * * LOW HITPOINT WARNING * * *
The water moccasin bites you!
* * * LOW HITPOINT WARNING * * *
You miss the water moccasin.
The water moccasin is moderately wounded.
The water moccasin bites you.
You die...

#.# ##.. #.# ....
#.# #... ##.# #...#
.>. #..# #...# .
... #.## ...##. #.#
#.# #<.... #S##.##
#.#.## #@...#
#.....
#.###.########.....
#.#
#...#...........
#.#
#.8.#####....... #.
#...# #.#..... #
###.### #.######
#.....# #.# #.....#
#)# #..>..# #.#


You could see a water moccasin.

Vanquished Creatures
  A hound (D:4)
  2 iguanas
  Robin (D:4)
  8 adders
  A dart slug (D:1)
  3 orcs (D:4)
  7 bats
  10 endoplasms
  3 giant cockroaches
  11 goblins
  7 hobgoblins
  7 kobolds
  2 quokkas
  3 ball pythons
  4 frilled lizards
  4 rats
74 creatures vanquished.

Notes
Turn   | Place    | Note
-------+----------+-------------------------------------------
     0 | D:1      | freelancePsychic the Djinni Shapeshifter began the quest
                  | for the Orb.
     0 | D:1      | Reached XP level 1. HP: 17/17 MP: 0/0
   342 | D:1      | Reached XP level 2. HP: 20/22 MP: 0/0
   561 | D:1      | HP: 1/22 [endoplasm (1)]
  1143 | D:2      | Reached skill level 1 in Spellcasting
  1143 | D:2      | Reached skill level 1 in Conjurations
  1143 | D:2      | Reached skill level 1 in Hexes
  1143 | D:2      | Reached skill level 1 in Summonings
  1143 | D:2      | Reached skill level 1 in Necromancy
  1143 | D:2      | Reached skill level 1 in Translocations
  1143 | D:2      | Reached skill level 1 in Fire Magic
  1143 | D:2      | Reached skill level 1 in Ice Magic
  1143 | D:2      | Reached skill level 1 in Air Magic
  1143 | D:2      | Reached skill level 1 in Earth Magic
  1143 | D:2      | Reached skill level 1 in Alchemy
  1143 | D:2      | Reached XP level 3. HP: 25/28 MP: 0/0
  1143 | D:2      | Learned a level 1 spell: Magic Dart
  1220 | D:2      | Reached skill level 2 in Fighting
  1631 | D:2      | Reached XP level 4. HP: 18/34 MP: 0/0
  2695 | D:4      | Noticed Robin
  2697 | D:4      | Reached skill level 3 in Fighting
  2697 | D:4      | Reached XP level 5. HP: 40/40 MP: 0/0
  2697 | D:4      | Learned a level 2 spell: Ensorcelled Hibernation
  2706 | D:4      | Killed Robin
  3169 | D:4      | Noticed an ogre
  3220 | D:5      | Entered Level 5 of the Dungeon
  3242 | D:5      | Reached XP level 6. HP: 39/47 MP: 0/0
  3284 | D:5      | Reached skill level 4 in Fighting
  3374 | D:5      | Found a staircase to the Ecumenical Temple.
  3412 | D:5      | Noticed a water moccasin
  3461 | Temple   | Entered the Ecumenical Temple
  3487 | Temple   | Became a worshipper of Makhleb the Destroyer
  3537 | D:5      | HP: 2/47 [water moccasin (7)]
  3538 | D:5      | Slain by a water moccasin

Illustrated notes

Levels and vault maps discovered:
D:1:      roadster_arrival_rocket_small, layout_basic
D:2:      layout_basic
D:3:      layout_rooms
D:4:      layout_layer_cave, uniq_robin
D:5:      layout_loops_ring, lemuel_zombie_altar_kikubaaqudgha,
          minmay_temple_entry_antechambers, lightli_sewer_entry_pipes,
          uniq_crazy_yiuf_cottage, uniq_menkaure
Temple:   minmay_temple_curvy_branch

Skill      XL: |  1  2  3  4  5  6 |
---------------+-------------------+-----
Spellcasting   | 1 2 |  2.8
Conjurations   | 1 2 |  2.8
Hexes          | 1 2 |  2.8
Summonings     | 1 2 |  2.8
Necromancy     | 1 2 |  2.8
Translocations | 1 2 |  2.8
Fire Magic     | 1 2 |  2.8
Ice Magic      | 1 2 |  2.8
Air Magic      | 1 2 |  2.8
Earth Magic    | 1 2 |  2.8
Alchemy        | 1 2 |  2.8
Fighting       | 2 3 4 |  4.1
Dodging        | |  2.1
Unarmed Combat | |  3.0
Shapeshifting  | |  2.9

Action                     |  1- 3 |  4- 6 || total
---------------------------+-------+-------++-------
  Melee: Dagger            |    82 |    27 ||   109
         Unarmed           |     6 |    29 ||    35
         Punch             |     1 |     1 ||     2
         Whip              |       |    38 ||    38
   Cast: Magic Dart        |    30 |    90 ||   120
Ability: Begin Untransform |       |     1 ||     1
    Use: Scroll            |     1 |       ||     1
         Potion            |       |     7 ||     7
 Armour: Animal skin       |    51 |    58 ||   109
         Skin              |       |    34 ||    34
  Dodge: Dodged            |    46 |    54 ||   100

Table legend: (Time is in decaauts)
 A = Elapsed time spent in this place.
 B = Non-inter-level travel time spent in this place.
 C = Inter-level travel time spent in this place.
 D = Time resting spent in this place.
 E = Time spent auto-exploring this place.
 F = Levels seen in this place.
 G = Mean time per level.
                   A        B        C        D        E       F      G
               +--------+--------+--------+--------+--------+-----+--------+
         Total |   3536 |   3424 |    112 |    120 |   2584 |   6 |  589.3 |
       Dungeon |   3484 |   3421 |     63 |    120 |   2584 |   5 |  696.8 |
        Temple |     51 |      2 |     49 |      0 |      0 |   1 |   51.0 |
               +--------+--------+--------+--------+--------+-----+--------+

Top non-repeatable levels by time:
     D:2: 1094 daAuts
     D:1: 1084 daAuts
     D:4: 627 daAuts
     D:3: 408 daAuts
     D:5: 269 daAuts
  Temple: 51 daAuts
